AoeStats
← Long John Silver

Black Forest

508508060Analyzed
3v3 RM · 10d ago on Sep 22, 2026· 17m 56s· 6 players
Game mode
Random Map
Map size
Normal (6 player)
Population
200
Speed
Normal
Resources
Standard
Victory
Conquest
Starting age
Dark Age
Ending age
Imperial Age
RankedLock teamsTeams togetherTeam positionsShared explorationLock speedFull tech treeHidden civsTurbo modeCheats
Victory
Defeat
🇦🇹 Poles · Austria
1506
+12
🇨🇭 Byzantines · Switzerland
1486
+12
🇩🇪 Malians · Germany
1459
+14
🇨🇦 Jurchens · Canada
1455
-14
🇨🇦 Goths · Canada
1414
-13
🇧🇷 Mapuche · Brazil
1354
-11
mt
10:07 Feudal Age
10:25 Loom
14:06 Castle Age
12:06 Double-Bit Axe
13:24 Horse Collar
13:36 Gold Mining
15:09 Bow Saw
Joker
8:07 Loom
10:09 Feudal Age
15:18 Castle Age
13:30 Double-Bit Axe
14:19 Horse Collar
Long John Silver
11:10 Feudal Age
12:41 Double-Bit Axe
15:20 Castle Age
13:09 Horse Collar
13:48 Stone Mining
15:00 Loom
16:38 Bow Saw
Im2Good4YoMoma
10:44 Feudal Age
14:27 Castle Age
12:34 Double-Bit Axe
13:46 Horse Collar
15:47 Bow Saw
16:51 Loom
GOAT Gobz
0:46 Loom
12:11 Feudal Age
16:14 Castle Age
14:03 Horse Collar
14:11 Double-Bit Axe
16:32 Gold Mining
16:34 Fletching
16:45 Padded Archer Armor
18:00 Bodkin Arrow
Tabosa
0:27 Loom
11:57 Feudal Age
15:39 Castle Age
13:37 Double-Bit Axe
14:09 Horse Collar
14:34 Fletching
Connection lost

Rejoining the realm…

Still unreachable

The connection could not be restored.

Session expired

The server has moved on; the page needs a fresh start.